 Dungeon Crawl Stone Soup version 0.29.1-1-gd02db6906a (webtiles) character file.

Game seed: 2639093453070133181

361 112233 the Magician (level 6, 0/39 HPs)
             Began as an Octopode Fire Elementalist on Oct 11, 2022.
             Succumbed to Ijyb's poison
             ... on level 4 of the Dungeon.
             The game lasted 00:04:17 (4815 turns).

112233 the Magician (Octopode Fire Elementalist)    Turns: 4815, Time: 00:04:19

Health: 0/39       AC:  1    Str:  7    XL:     6   Next: 66%
Magic:  7/11       EV: 14    Int: 20    God:
Gold:   226        SH:  0    Dex: 12    Spells: 5/12 levels left

rFire   . . .      SeeInvis .   (no weapon)
rCold   . . .      Faith    .   (no shield)
rNeg    . . .      Spirit   .   (helmet restricted)
rPois   .          Reflect  .   (no amulet)
rElec   .          Harm     .   (no ring)
rCorr   .          Rampage  .   (no ring)
Will    .....                   (no ring)
Stlth   +++.......              (no ring)
HPRegen 0.13/turn               (no ring)
MPRegen 0.12/turn               (no ring)
                                (no ring)
                                (no ring)

@: lethally poisoned (0 -> -23)
A: almost no armour, amphibious, 8 rings, camouflage 1, gelatinous body 1,
(nimble swimmer 1), tentacles
a: no special abilities


You were on level 4 of the Dungeon.
You visited 1 branch of the dungeon, and saw 4 of its levels.

You collected 226 gold pieces.

Inventory:

Jewellery
 o - a ring of protection from fire
Scrolls
 b - a scroll of magic mapping
 d - a scroll of identify
 f - a scroll of immolation {unknown}
 g - a scroll of blinking {unknown}
 h - a scroll of poison {unknown}
 i - a scroll of vulnerability
 k - a scroll of enchant armour {unknown}
 l - a scroll of fear {unknown}
Potions
 a - a potion of magic
 e - 2 potions of mutation {unknown}
 j - 3 potions of curing {unknown}
 m - a potion of attraction {unknown}
 p - a potion of lignification {unknown}
Miscellaneous
 n - a phial of floods


   Skills:
 + Level 2.0 Fighting
 + Level 3.5 Dodging
 - Level 3.5 Stealth
 * Level 3.9 Spellcasting
 + Level 2.9 Conjurations
 - Level 3.3 Fire Magic
 * Level 0.4 Air Magic


You had 5 spell levels left.
You knew the following spells:

 Your Spells              Type           Power      Damage    Failure   Level
a - Foxfire               Conj/Fire      64%        2x1d7     3%          1
b - Scorch                Fire           34%        2d7       4%          2
c - Summon Lightning Spi  Summ/Air       4%         N/A       75%         4

Your spell library contained the following spells:

 Spells                   Type           Power      Damage    Failure   Level
 Magic Dart               Conj           60%        1d6       4%          1
 Conjure Flame            Conj/Fire      16%        6-21      11%         3
 Sting                    Tmut/Pois      12%        1d3       13%         1
 Poisonous Vapours        Pois/Air       8%         N/A       19%         2
 Call Imp                 Summ           3%         N/A       21%         2
 Inner Flame              Hex/Fire       10%        N/A       21%         3
 Mephitic Cloud           Conj/Pois/Air  8%         N/A       24%         3
 Flame Wave               Conj/Fire      16%        2d7       34%         4
 Olgreb's Toxic Radiance  Pois           3%         N/A       78%         4
 Storm Form               Tmut/Air       2%         N/A       100%        7
 Maxwell's Capacitive Co  Air            2%         ∞         100%        8
 Chain Lightning          Conj/Air       5%         3d6       100%        9
 Fire Storm               Conj/Fire      8%         8d2       100%        9
 Shatter                  Erth           1%         3d6*      100%        9


Dungeon Overview and Level Annotations

Branches:
Dungeon (4/15)
 Temple: D:4-7

Altars:

Shops:
D:2 :(


Innate Abilities, Weirdness & Mutations

You cannot wear most types of armour.
You are amphibious.
You can wear up to eight rings at the same time.
Your skin changes colour to match your surroundings (Stealth+).
Your rubbery body absorbs attacks. (AC +1, EV +1)
((You are camouflaged when in or above water. (Stealth+)))
You have tentacles for arms and can constrict up to eight enemies at once.


Message History

Ijyb misses you.
Unknown command.
Ijyb attacks as you move away!
Ijyb hits you with a +1 dagger of venom.
You are more poisoned.
You feel very sick.
You bump into the rock wall.
You feel sick.
Ijyb hits you with a +1 dagger of venom.
You are more poisoned.
Unknown command.
You bump into the rock wall.
You feel very sick.
Ijyb is no longer more vulnerable to fire.
Ijyb barely misses you.
You tentacle-slap Ijyb but do no damage.
You squeeze Ijyb.
Ijyb is severely wounded.
You feel less invigorated.
You feel less confused.
You feel very sick.
Ijyb hits you with a +1 dagger of venom.
You are more poisoned.
Casting: Scorch (safe; 4% risk of failure)
Confirm with . or Enter, or press ? or * to list all spells.
Flames lash Ijyb.
Ijyb is almost dead.
Ijyb's fire resistance burns away.
You feel very sick.
Ijyb hits you with a +1 dagger of venom.
You are lethally poisoned!
You feel very sick.
Ijyb hits you with a +1 dagger of venom.
* * * LOW HITPOINT WARNING * * *
You are more poisoned.
Casting: Scorch (safe; 4% risk of failure)
Confirm with . or Enter, or press ? or * to list all spells.
Flames lash Ijyb.
Ijyb is burned terribly!
You kill Ijyb!
* * * LOW HITPOINT WARNING * * *
You feel very sick.
You die...

,*****.########.......# *,,,,*
,,,,**.............##.#**,**,****
***,****####.......#*..,,,,,,,,,,
,,,,* #...[...#*###*,,,,,,,,
***** ####.......# *,,,***,,
#........###*** **,,,,,,, *
#........#*,,,* ******,* *
#......<.#*,******** *,* ***
#.......@#*,*,,,,,,****,* ,,*
#.......)#*,*+***,,,,,,,* *,*
#...............,******** *,*
#...............,,,,* ,,*
#...............,**,* ***
######.......!..,**,* *
#..........,**,* *
#..........,,,,* *
#..........,****


There were no monsters in sight!

Vanquished Creatures
  A black bear (D:4)
  An iguana (D:4)
  Ijyb (D:4)
  10 adders
  A shadow imp (D:4)
  An ufetubus (D:4)
  2 worms (D:4)
  2 dart slugs (D:3)
  10 orcs
  11 ball pythons
  9 endoplasms
  A giant cockroach (D:3)
  11 goblins
  11 hobgoblins
  14 kobolds
  A quokka (D:2)
  A bat (D:2)
  3 frilled lizards (D:1)
  5 rats
96 creatures vanquished.

Vanquished Creatures (collateral kills)
  2 foxfires (D:1)
2 creatures vanquished.

Vanquished Creatures (others)
  365 foxfires
  11 plants (D:1)
376 creatures vanquished.

Grand Total: 474 creatures vanquished

Notes
Turn   | Place    | Note
-------+----------+-------------------------------------------
     0 | D:1      | 112233 the Octopode Fire Elementalist began the quest for
                  | the Orb.
     0 | D:1      | Reached XP level 1. HP: 11/11 MP: 3/3
   328 | D:1      | Reached XP level 2. HP: 17/17 MP: 1/5
  1179 | D:2      | Found Vevvoho's Antique Weapon Shop.
  1186 | D:2      | Reached XP level 3. HP: 21/21 MP: 2/6
  1921 | D:2      | Found Vihamm's Book Boutique.
  2245 | D:2      | Reached XP level 4. HP: 27/27 MP: 5/7
  2521 | D:2      | Reached XP level 5. HP: 22/32 MP: 6/9
  2911 | D:3      | Reached skill level 1 in Fighting
  3859 | D:3      | Learned a level 2 spell: Scorch
  4388 | D:4      | Reached XP level 6. HP: 38/38 MP: 6/11
  4520 | D:4      | Noticed a black bear
  4530 | D:4      | Killed a black bear
  4539 | D:4      | Learned a level 4 spell: Summon Lightning Spire
  4794 | D:4      | Noticed Ijyb
  4814 | D:4      | Killed Ijyb
  4815 | D:4      | Succumbed to Ijyb's poison

Illustrated notes

Levels and vault maps discovered:
D:1:      saegor_arrival_under_anarchy, layout_loops_ring, hex_tiny,
          lexackson_kobold_supper
D:2:      layout_loops_ring, serial_shops, shop_fountains,
          nicolae_shop_waterfront, hex_medium, minmay_snake_closets
D:3:      kennysheep_the_goblin_king, layout_basic
D:4:      layout_basic, minmay_bent, uniq_ijyb

Skill      XL: |  1  2  3  4  5  6 |
---------------+-------------------+-----
Stealth        | 3 |  3.5
Conjurations   | 2 |  2.9
Fighting       | 1 2 |  2.0
Spellcasting   | 3 |  3.9
Dodging        | 3 |  3.5
Fire Magic     | |  3.3
Air Magic      | |  0.4

Action                   |  1- 3 |  4- 6 || total
-------------------------+-------+-------++-------
Melee: Unarmed           |       |     4 ||     4
       Tentacles         |       |     2 ||     2
       Constrict         |       |     1 ||     1
 Cast: Foxfire           |    94 |   124 ||   218
       Scorch            |       |     7 ||     7
  Use: Scroll            |       |     2 ||     2
       Potion            |       |     1 ||     1
Armor: Skin              |       |     1 ||     1
Dodge: Dodged            |     6 |    33 ||    39
